 Dungeon Crawl Stone Soup version 0.29.1-12-g30fa7ad0bf (webtiles) character file.

Game seed: 2722919587765686150

210 javelincjr the Magician (level 5, -2/25 HPs)
             Began as a Spriggan Conjurer on Jan 10, 2023.
             Slain by Grinder (5 damage)
             ... on level 4 of the Dungeon.
             The game lasted 00:18:09 (3993 turns).

javelincjr the Magician (Spriggan Conjurer)         Turns: 3993, Time: 00:18:10

Health: -2/25      AC:  2    Str:  5    XL:     5   Next: 56%
Magic:  8/12       EV: 17    Int: 19    God:
Gold:   223        SH:  0    Dex: 14    Spells: 8/13 levels left

rFire   . . .      SeeInvis +   d - +1 dagger (chaos)
rCold   . . .      Faith    .   (no shield)
rNeg    . . .      Spirit   .   a - +0 robe
rPois   .          Reflect  .   (helmet restricted)
rElec   .          Harm     .   (no cloak)
rCorr   .          Rampage  .   (gloves unavailable)
Will    .....                   (boots unavailable)
Stlth   +++.......              (no amulet)
HPRegen 0.08/turn               (no ring)
MPRegen 0.13/turn               (no ring)

@: very quick
A: very small, no large weapons, unfitting armour, see invisible, speed 3
a: no special abilities


You were on level 4 of the Dungeon.
You visited 1 branch of the dungeon, and saw 4 of its levels.

You collected 223 gold pieces.

Inventory:

Hand Weapons
 d - a +1 dagger of chaos (weapon)
Missiles
 k - 4 javelins
 o - 7 poisoned darts
Armour
 a - a +0 robe (worn)
Scrolls
 c - 2 scrolls of identify
 f - 3 scrolls of teleportation
 h - 3 scrolls of amnesia
 n - a scroll of noise {unknown}
Potions
 b - a potion of magic
 e - 4 potions of flight
 g - 3 potions of cancellation
 i - a potion of brilliance
 j - a potion of might {unknown}
 l - a potion of heal wounds {unknown}
 m - 2 potions of curing {unknown}
 p - a potion of lignification {unknown}


   Skills:
 + Level 0.4 Fighting
 + Level 0.7 Short Blades
 + Level 2.8 Dodging
 + Level 4.2 Stealth
 + Level 4.5 Spellcasting
 + Level 4.2 Conjurations


You had 8 spell levels left.
You knew the following spells:

 Your Spells              Type           Power      Damage    Failure   Level
a - Magic Dart            Conj           80%        1d7       2%          1
b - Searing Ray           Conj           40%        2d5       3%          2
c - Blink                 Tloc           8%         N/A       21%         2

Your spell library contained the following spells:

 Spells                   Type           Power      Damage    Failure   Level
 Apportation              Tloc           8%         N/A       13%         1
 Dazzling Flash           Conj/Hex       24%        N/A       17%         3
 Mephitic Cloud           Conj/Pois/Air  9%         N/A       22%         3
 Ignite Poison            Fire/Tmut/Pois 4%         N/A       36%         3
 Lesser Beckoning         Tloc           4%         N/A       36%         3
 Summon Guardian Golem    Hex/Summ       4%         N/A       36%         3
 Fulminant Prism          Conj/Hex       6%         3d7       50%         4
 Iskenderun's Mystic Bla  Conj/Tloc      12%        2d5       50%         4
 Freezing Cloud           Conj/Ice/Air   4%         6-21      90%         5
 Manifold Assault         Tloc           4%         N/A       98%         5
 Orb of Destruction       Conj           10%        9d6       100%        7
 Spellforged Servitor     Conj/Summ      6%         N/A       100%        7


Dungeon Overview and Level Annotations

Branches:
Dungeon (4/15)
 Temple: D:4-7

Altars:

Annotations:
D:4 Grinder


Innate Abilities, Weirdness & Mutations

You are very small and have problems with some larger weapons.
You are too small for most types of armour.
You have supernaturally acute eyesight. (SInv)
You cover ground extremely quickly. (Speed+++)


Message History

Level annotation: Grinder
There is a stone staircase leading up here.
Casting: Magic Dart (safe; 2% risk of failure)
Confirm with . or Enter, or press ? or * to list all spells.
Aiming: Searing Ray (safe; 3% risk of failure)
Press: ? - help, Shift-Dir - straight line, f - Grinder
Aim: Grinder (75% to hit)
The searing ray hits Grinder!
Grinder is moderately wounded. (Press . to maintain the ray.) Grinder blinks!
The searing ray hits Grinder.
Grinder is moderately wounded.
The searing ray hits Grinder.
Grinder is heavily wounded.
Grinder gestures at you. You resist with significant effort.
The searing ray hits Grinder.
Grinder is heavily wounded.
You finish channelling your searing ray.
Grinder gestures at you. You resist with significant effort.
You hit Grinder. You burn Grinder.
Grinder is severely wounded.
Grinder barely misses you.
You closely miss Grinder.
Grinder is severely wounded.
Grinder misses you.
You hit Grinder.
Grinder easily resists.
Grinder is severely wounded.
Grinder barely misses you.
You hit Grinder.
Grinder is almost dead.
Grinder hits you!
You writhe in agony.
You hit Grinder.
Grinder is poisoned.
Grinder is almost dead.
Grinder hits you!
* * * LOW HITPOINT WARNING * * *
You writhe in agony.
You die...

.##.##...
#...........# .#
.#..#......).....####
.# .# .....#.....# ...
# .....##....# ...
.....##...##
.....#.....#
...........#
...........#
.......@5..##
..#.........#
..#....##..####
......##...#..#
......##......#
......#..#...####
........5##.....###
...#..............###
...#.....#..........##


You could see Grinder (very poisoned).

Vanquished Creatures
  Natasha (thrice) (D:4)
  4 gnolls (D:4)
  An adder (D:3)
  5 worms
  5 dart slugs
  5 orcs
  6 bats
  2 endoplasms
  2 giant cockroaches (D:1)
  5 goblins
  5 hobgoblins
  4 kobolds
  2 quokkas (D:3)
  7 ball pythons
  2 frilled lizards (D:2)
  5 rats
63 creatures vanquished.

Vanquished Creatures (others)
  2 plants (D:1)
2 creatures vanquished.

Grand Total: 65 creatures vanquished

Notes
Turn   | Place    | Note
-------+----------+-------------------------------------------
     0 | D:1      | javelincjr the Spriggan Conjurer began the quest for the
                  | Orb.
     0 | D:1      | Reached XP level 1. HP: 9/9 MP: 5/5
   374 | D:1      | Reached XP level 2. HP: 13/13 MP: 1/6
   854 | D:1      | Found a faded altar of an unknown god.
   863 | D:1      | Got Plato's Catalogue of Orientation
  1371 | D:2      | Learned a level 2 spell: Searing Ray
  1375 | D:2      | Reached XP level 3. HP: 16/16 MP: 3/8
  1499 | D:2      | Identified the +5 ring mail of Youthful Indiscretion
                  | {+Blink rPois Will++ Slay-5}
  2417 | D:3      | Learned a level 2 spell: Blink
  2610 | D:3      | Reached XP level 4. HP: 11/21 MP: 1/10
  3230 | D:4      | Noticed Natasha
  3244 | D:4      | Killed Natasha
  3251 | D:4      | Noticed Natasha
  3403 | D:4      | Killed Natasha
  3412 | D:4      | Noticed Natasha
  3507 | D:4      | Reached XP level 5. HP: 25/25 MP: 5/12
  3662 | D:4      | Killed Natasha
  3829 | D:4      | Noticed Grinder
  3993 | D:4      | Slain by Grinder

Illustrated notes

Levels and vault maps discovered:
D:1:      evilmike_arrival_plus, layout_basic,
          shapermc_ecumenical_altar_rom_forum
D:2:      layout_loops_corners, st_stairs_12
D:3:      layout_rooms
D:4:      layout_cave_pools, uniq_ijyb, uniq_robin, uniq_natasha, uniq_grinder

Skill      XL: |  1  2  3  4 |
---------------+-------------+-----
Conjurations   | 3 4 |  4.2
Spellcasting   | 3 4 |  4.5
Stealth        | 4 |  4.2
Fighting       | |  0.4
Short Blades   | |  0.7
Dodging        | |  2.8

Action                   |  1- 3 |  4- 6 || total
-------------------------+-------+-------++-------
Melee: Dagger            |    21 |    15 ||    36
 Cast: Magic Dart        |    59 |    36 ||    95
       Searing Ray       |     6 |    10 ||    16
  Use: Scroll            |    10 |       ||    10
 Stab: Sleeping          |     2 |     1 ||     3
Armor: Robe              |     2 |       ||     2
Dodge: Dodged            |     8 |    13 ||    21
